 Seeded DCSS version 0.31-a0-358-gac0dbeb3ab (webtiles) character file.

Game seed: 13532415758814214178 (custom seed)

9173 innerfire43 the Spear-Bearer (level 11, -9/72 HPs)
             Began as a Demonspawn Wanderer on July 25, 2023.
             Was a Priest of Qazlal.
             Mangled by a gargoyle
             ... wielding a +1 morningstar of distortion
              (16 damage)
             ... on level 11 of the Dungeon.
             The game lasted 00:14:45 (9533 turns).

innerfire43 the Spear-Bearer (Demonspawn Wanderer)  Turns: 9533, Time: 00:14:46

Health: -9/72      AC: 17    Str: 17    XL:     11   Next: 19%
Magic:  12/12      EV:  7    Int: 16    God:    Qazlal [***...]
Gold:   605        SH: 12    Dex: 16    Spells: 12/12 levels left

rFire   + . .        n - +5 trident "Spiderbane" {protect, rF+}
rCold   . . .        (no shield)
rNeg    . . .        g - +1 chain mail
rPois   .            (helmet currently unavailable)
rElec   .            (cloak currently unavailable)
rCorr   .            (gloves currently unavailable)
SInv    .            (boots currently unavailable)
Will    .....        (no amulet) Stlth
                     C - +6 ring of intelligence
HPRegen 0.32/turn    q - ring of wizardry
MPRegen 0.13/turn

%: wizardry (x1)
@: beast-form, under a protective aura, studying Polearms
A: beast (slay +7), hooves 1, large bone plates 3, foul stench 3
a: Begin Untransformation, Renounce Religion, Upheaval, Elemental Force


You were on level 11 of the Dungeon.
You worshipped Qazlal.
Qazlal was most pleased with you.
You were a hulking beast.
You visited 2 branches of the dungeon, and saw 12 of its levels.

You collected 792 gold pieces.
You spent 187 gold pieces at shops.

Inventory:

Hand Weapons
 a - a +0 sling
 b - a +1 short sword of draining
 n - the +5 trident "Spiderbane" (weapon) {protect, rF+}
   (You bought it in a shop on level 3 of the Dungeon)

   rF:        It protects you from fire.
 x - a +4 orcbow
 B - the +4 hand axe of Xom's Brutal Revenge {flame, rPois}
   (You found it on level 8 of the Dungeon)

   rPois:     It protects you from poison.
Missiles
 u - 3 throwing nets
Armour
 g - a +1 chain mail (worn)
 t - a +1 ring mail of fire resistance
Jewellery
 q - a ring of wizardry (right hand)
 C - a +6 ring of intelligence (left hand)
Talismans
 f - a blade talisman
 k - a beast talisman
Wands
 p - a wand of iceblast (12)
 v - a wand of light (2)
 w - a wand of flame (15)
 A - a wand of mindburst (21)
 D - a wand of polymorph (7)
Scrolls
 c - a scroll of immolation {unknown}
 d - a scroll of blinking
 e - a scroll of amnesia {unknown}
 i - 8 scrolls of identify {unknown}
 m - 3 scrolls of poison {unknown}
 y - 2 scrolls of teleportation {unknown}
 F - a scroll of fear {unknown}
 G - a scroll of torment {unknown}
Potions
 h - 2 potions of resistance
 j - a potion of enlightenment {unknown}
 l - 2 potions of might {unknown}
 o - a potion of invisibility {unknown}
 r - 4 potions of brilliance {unknown}
 s - a potion of mutation {unknown}
 z - a potion of attraction {unknown}
 E - a potion of cancellation {unknown}


   Skills:
 - Level 2.0 Fighting
 - Level 1.0 Short Blades
 + Level 12.1 Polearms
 - Level 1.5 Ranged Weapons
 - Level 1.0 Throwing
 - Level 4.5 Armour
 - Level 1.0 Spellcasting
 * Level 10.3 Shapeshifting


You had 12 spell levels left.
You didn't know any spells.
Your spell library contained the following spells:

 Spells                   Type           Power      Damage    Failure   Level
 Magic Dart               Conj           0%         1d3       61%         1
 Blink                    Tloc           0%         N/A       75%         2
 Ensorcelled Hibernation  Hex/Ice        0%         N/A       75%         2
 Lesser Beckoning         Tloc           0%         N/A       75%         2
 Momentum Strike          Conj/Tloc      0%         3d8       75%         2
 Scorch                   Fire           0%         2d5       75%         2
 Searing Ray              Conj           0%         2d4       75%         2
 Anguish                  Hex/Necr       0%         N/A       100%        4
 Flame Wave               Conj/Fire      0%         2d4       100%        4
 Fulminant Prism          Conj/Hex       0%         3d5       100%        4
 Manifold Assault         Tloc           0%         N/A       100%        4
 Summon Cactus Giant      Summ           0%         N/A       100%        6


Dungeon Overview and Level Annotations

Branches:
Dungeon (11/15)            Temple (1/1) D:4            Lair (0/5) D:8
    Orc (0/2) D:11

Altars:
Ashenzari
Cheibriados
Dithmenos
Fedhas
Gozag
Hepliaklqana
Kikubaaqudgha
Makhleb
Nemelex Xobeh
Okawaru
Qazlal
Ru
Sif Muna
Trog
Uskayaw
Vehumet
Wu Jian
Xom
Yredelemnul

Shops:
D:3 (

Annotations:
D:3 2 transporters


Innate Abilities, Weirdness & Mutations

You are a hulking beast.
Your limbs bulge with bestial killing power. (Slay +7)
You have large cloven feet.
You are completely covered in large bone plates. (SH +8)
You frequently emit foul miasma when damaged in melee.


Message History

You hit the boulder beetle. You punch the boulder beetle!
The boulder beetle is severely wounded.
The boulder beetle bites you but does no damage.
You puncture the boulder beetle!
The boulder beetle is severely wounded.
You puncture the boulder beetle!
The boulder beetle is almost dead.
The boulder beetle bites you!
You hit the boulder beetle but do no damage.
You kick the boulder beetle.
The boulder beetle is almost dead.
The boulder beetle leaps!
Unknown command.
You hit the boulder beetle but do no damage.
You kick the boulder beetle.
The boulder beetle is almost dead.
You block the boulder beetle's attack.
You hit the boulder beetle but do no damage.
You kick the boulder beetle, but do no damage.
The boulder beetle is almost dead.
You puncture the boulder beetle!
You kill the boulder beetle!
Qazlal accepts your kill.
A gargoyle comes into view.
It is wielding a +1 morningstar of distortion.
A gargoyle is nearby!
A gargoyle is nearby!
A gargoyle is nearby!
A gargoyle is nearby!
The gargoyle hurls a stone arrow at you.
The stone arrow hits you!
* * * LOW HITPOINT WARNING * * *
The gargoyle hurls a stone arrow at you.
The stone arrow hits you!
* * * LOW HITPOINT WARNING * * *
You puncture the gargoyle!
Your weapon exudes an aura of protection.
Your kick misses the gargoyle.
The gargoyle is moderately damaged.
The gargoyle hits you with a +1 morningstar of distortion!
You die...

...#. ....# #.#.
#..... ...# #......
...##.......
#........# #.......#
#......##
##.9.........#
#.h#####.....###. #..#
#....... ##.##
##...... . ##..#
####.....#
....##°..###........##
#..............#....#
#..####.......#.....##
... #......#.#.....#
.. ###....#.#.....##


You could see a gargoyle.

Vanquished Creatures
  A boulder beetle (D:11)
  2 two-headed ogres
  Psyche (D:9)
  2 unseen horrors
  A kobold demonologist (D:10)
  Sigmund (D:5)
  A wyvern (D:11)
  5 yaks (D:10)
  A vampire (D:10)
  4 steam dragons
  4 vampire mosquitoes (D:11)
  3 wargs (D:8)
  An acid dragon (D:9)
  Duvessa (D:4)
  3 water moccasins (D:5)
  2 ice beasts
  An orc warrior (D:6)
  A black bear (D:5)
  A sky beast (D:7)
  An ogre (D:7)
  6 centaurs
  A kobold brigand (D:9)
  A phantom (D:4)
  A bullfrog (D:8)
  4 scorpions
  A gnoll sergeant (D:9)
  4 wights (D:8)
  Dowan (D:4)
  4 electric eels (D:7)
  5 howler monkeys
  A hound (D:5)
  2 jellies
  A gnoll bouda (D:8)
  8 orc priests
  2 sleepcaps (D:4)
  5 iguanas
  12 orc wizards
  10 gnolls
  6 adders
  A river rat (D:5)
  A shadow imp (D:6)
  A white imp (D:5)
  3 worms
  2 dart slugs
  26 orcs
  5 ball pythons
  4 endoplasms
  4 giant cockroaches
  5 goblins
  4 hobgoblins
  2 jackals (D:5)
  11 kobolds
  2 quokkas (D:3)
  9 bats
  3 frilled lizards
  5 rats
  A butterfly (D:5)
201 creatures vanquished.

Vanquished Creatures (collateral kills)
  A gnoll sergeant (D:6)
  2 gnolls (D:6)
3 creatures vanquished.

Grand Total: 204 creatures vanquished

Notes
Turn   | Place    | Note
-------+----------+-------------------------------------------
     0 | D:1      | innerfire43 the Demonspawn Wanderer began the quest for the
                  | Orb.
     0 | D:1      | innerfire43 set off with the following items: a +0 sling, a
                  | +0 chain mail, a potion of curing, a scroll of blinking.
     0 | D:1      | Reached XP level 1. HP: 16/16 MP: 2/2
   184 | D:1      | Gained mutation: You are partially covered in large bone
                  | plates. (SH +4) [demonic ancestry]
   184 | D:1      | Reached XP level 2. HP: 20/22 MP: 3/3
   296 | D:1      | Reached skill level 1 in Shapeshifting
   661 | D:2      | Gained mutation: You have large cloven feet. [demonic
                  | ancestry]
   661 | D:2      | Reached XP level 3. HP: 27/27 MP: 4/4
  1196 | D:3      | Reached skill level 1 in Polearms
  1262 | D:3      | Reached skill level 1 in Short Blades
  1345 | D:3      | Found a transporter.
  1362 | D:3      | Found a transporter.
  1379 | D:3      | Found Heteeque's Antique Weapon Boutique.
  1575 | D:3      | Bought a pitted trident for 187 gold pieces
  1575 | D:3      | Identified the +5 trident "Spiderbane" {protect, rF+} (You
                  | bought it in a shop on level 3 of the Dungeon)
  1950 | D:3      | Gained mutation: You may rarely emit foul miasma when
                  | damaged in melee. [demonic ancestry]
  1950 | D:3      | Reached XP level 4. HP: 33/33 MP: 5/5
  2108 | D:4      | Found a staircase to the Ecumenical Temple.
  2123 | Temple   | Entered the Ecumenical Temple
  2141 | Temple   | Became a worshipper of Qazlal Stormbringer
  2168 | D:4      | Noticed a scorpion
  2183 | D:4      | Killed a scorpion
  2184 | D:4      | Reached skill level 2 in Polearms
  2276 | D:4      | Noticed a phantom
  2288 | D:4      | Killed a phantom
  2289 | D:4      | Reached XP level 5. HP: 33/38 MP: 6/6
  2446 | D:4      | Reached skill level 3 in Polearms
  2557 | D:4      | Reached XP level 6. HP: 44/44 MP: 7/7
  2798 | D:4      | Noticed Dowan
  2799 | D:4      | Noticed Duvessa
  2804 | D:4      | Killed Dowan
  2816 | D:4      | Killed Duvessa
  2817 | D:4      | Reached skill level 4 in Polearms
  3004 | D:5      | Entered Level 5 of the Dungeon
  3060 | D:5      | Found an ancient bone altar of Kikubaaqudgha.
  3083 | D:5      | Reached XP level 7. HP: 44/50 MP: 8/8
  3195 | D:5      | Noticed Sigmund
  3204 | D:5      | Killed Sigmund
  3332 | D:5      | Reached skill level 5 in Polearms
  3420 | D:5      | Gained mutation: You are mostly covered in large bone
                  | plates. (SH +6) [demonic ancestry]
  3420 | D:5      | Reached XP level 8. HP: 34/56 MP: 9/9
  3552 | D:5      | Reached skill level 5 in Shapeshifting
  3618 | D:5      | Reached * piety under Qazlal
  3619 | D:5      | Reached skill level 6 in Polearms
  3787 | D:5      | Found a shimmering altar of Xom.
  4624 | D:6      | Reached skill level 7 in Polearms
  4697 | D:6      | Identified the +4 whip "Giant's Toothpick" {heavy, Str+3}
  5302 | D:7      | Gained mutation: You sometimes emit foul miasma when
                  | damaged in melee. [demonic ancestry]
  5302 | D:7      | Reached XP level 9. HP: 52/54 MP: 10/10
  5793 | D:7      | Reached ** piety under Qazlal
  6072 | D:7      | Identified a scroll of acquirement
  6072 | D:7      | Acquired a manual of Polearms
  6104 | D:7      | Reached skill level 8 in Polearms
  6958 | D:8      | Identified the +4 hand axe of Xom's Brutal Revenge {flame,
                  | rPois}
  7004 | D:8      | Reached skill level 9 in Polearms
  7024 | D:8      | Found a staircase to the Lair.
  7216 | D:8      | Gained mutation: You frequently emit foul miasma when
                  | damaged in melee. [demonic ancestry]
  7216 | D:8      | Reached XP level 10. HP: 67/67 MP: 11/11
  7384 | D:8      | Found a shadowy altar of Dithmenos.
  7684 | D:9      | Noticed a two-headed ogre
  7700 | D:8      | Killed a two-headed ogre
  7820 | D:8      | Reached skill level 10 in Polearms
  8102 | D:9      | Found a hide-covered altar of Uskayaw.
  8135 | D:9      | Found a sacrificial altar of Ru.
  8326 | D:9      | Noticed Psyche
  8339 | D:9      | Killed Psyche
  8339 | D:9      | Reached *** piety under Qazlal
  8385 | D:10     | Entered Level 10 of the Dungeon
  8642 | D:10     | Reached skill level 11 in Polearms
  8695 | D:10     | Noticed a two-headed ogre
  8720 | D:10     | Killed a two-headed ogre
  9097 | D:11     | Gained mutation: You are completely covered in large bone
                  | plates. (SH +8) [demonic ancestry]
  9097 | D:11     | Reached XP level 11. HP: 43/72 MP: 12/12
  9220 | D:11     | Reached skill level 10 in Shapeshifting
  9295 | D:11     | Reached skill level 12 in Polearms
  9459 | D:11     | Found a staircase to the Orcish Mines.
  9494 | D:11     | Noticed a boulder beetle
  9521 | D:11     | Killed a boulder beetle
  9533 | D:11     | Mangled by a gargoyle

Illustrated notes

Levels and vault maps discovered:
D:1:      scummos_arrival_simple_crosswalls, layout_rooms
D:2:      layout_basic
D:3:      gammafunk_steamed_eel, layout_loops_corners, serial_shops, shop,
          minmay_gold_behind_fungi, dk_noncrumbling_3
D:4:      layout_loops_ring, minmay_temple_entry_butterflies, uniq_duvessa
D:5:      layout_loops_ring, xom_butterflies, mainiacjoe_overflow_24_doors,
          portal_sewer_entry_b, minmay_statues_item, uniq_sigmund
D:6:      layout_gridville
D:7:      layout_layer_cave, serial_bayou_lake_a
D:8:      layout_basic, mainiacjoe_overflow_paths, erik_lair_orcish_takeover
D:9:      layout_rooms, mainiacjoe_overflow_two_lobes, uniq_psyche
D:10:     layout_roguey
D:11:     layout_layer_cave, orc_0_dummy
Temple:   bh_familiar_temple

Skill      XL: |  1  2  3  4  5  6  7  8  9 10 11 |
---------------+----------------------------------+-----
Shapeshifting  | 1 2 3 4 6 8 9 10 | 10.3
Polearms       | 1 2 3 4 5 7 9 11 12 | 12.1
Short Blades   | 1 |  1.0
Fighting       | |  2.0
Ranged Weapons | |  1.5
Throwing       | |  1.0
Armour         | |  4.5
Spellcasting   | |  1.0

Action                     |  1- 3 |  4- 6 |  7- 9 | 10-12 || total
---------------------------+-------+-------+-------+-------++-------
  Melee: Short sword       |    89 |       |       |       ||    89
         Trident           |    17 |    91 |   243 |   159 ||   510
         Kick              |    10 |    29 |    61 |    44 ||   144
         Punch             |       |     1 |       |     3 ||     4
  Evoke: Wand              |       |       |    17 |     4 ||    21
    Use: Potion            |       |     1 |     3 |     2 ||     6
         Scroll            |       |       |     6 |       ||     6
   Stab: Confused          |       |       |     1 |       ||     1
 Armour: Chain mail        |    44 |    43 |    94 |    67 ||   248
  Dodge: Dodged            |    30 |    26 |    46 |    35 ||   137
  Block: Other             |    13 |    14 |    49 |    74 ||   150
   Form: Beast             |       |     1 |       |       ||     1

Table legend: (Time is in decaauts)
 A = Elapsed time spent in this place.
 B = Non-inter-level travel time spent in this place.
 C = Inter-level travel time spent in this place.
 D = Time resting spent in this place.
 E = Time spent auto-exploring this place.
 F = Levels seen in this place.
 G = Mean time per level.
                   A        B        C        D        E       F      G
               +--------+--------+--------+--------+--------+-----+--------+
         Total |   9525 |   9067 |    458 |    100 |   7521 |  12 |  793.8 |
       Dungeon |   9492 |   9047 |    445 |    100 |   7521 |  11 |  862.9 |
        Temple |     32 |     19 |     13 |      0 |      0 |   1 |   32.0 |
               +--------+--------+--------+--------+--------+-----+--------+

Top non-repeatable levels by time:
     D:7: 1694 daAuts
     D:5: 1221 daAuts
     D:8: 958 daAuts
     D:6: 954 daAuts
     D:3: 917 daAuts
     D:4: 883 daAuts
     D:2: 685 daAuts
    D:11: 573 daAuts
     D:9: 564 daAuts
    D:10: 543 daAuts
     D:1: 496 daAuts
  Temple: 32 daAuts
